 Dungeon Crawl Stone Soup version 0.30-a0-116-g3b1a8e4ee4 (webtiles) character file.

Game seed: 18190826046189254194

165 erik8world the Trooper (level 5, 0/57 HPs)
             Began as an Ogre Berserker on Sept 13, 2022.
             Was a Believer of Trog.
             Succumbed to an adder's poison
             ... on level 4 of the Dungeon.
             The game lasted 00:07:28 (4285 turns).

erik8world the Trooper (Ogre Berserker)             Turns: 4285, Time: 00:07:28

Health: 0/57       AC:  3    Str: 23    XL:     5   Next: 46%
Magic:  5/5        EV: 10    Int:  8    God:    Trog [**....]
Gold:   251        SH:  0    Dex:  8    Spells: 4/4 levels left

rFire   . . .      SeeInvis .    a - +0 hand axe
rCold   . . .      Faith    .    (no shield)
rNeg    . . .      Spirit   .    b - +0 animal skin
rPois   .          Reflect  .    (helmet restricted)
rElec   .          Harm     .    (no cloak)
rCorr   .          Rampage  .    (gloves unavailable)
Will    .....                    (boots unavailable)
Stlth   +.........               (no amulet)
HPRegen 0.19/turn                (no ring)
MPRegen 0.09/turn                (no ring)

@: mighty, lethally poisoned (0 -> -1)
A: large, unfitting armour, tough skin 1
a: Renounce Religion, Berserk, Trog's Hand


You were on level 4 of the Dungeon.
You worshipped Trog.
Trog was pleased with you.
You visited 1 branch of the dungeon, and saw 4 of its levels.

You collected 251 gold pieces.

Inventory:

Hand Weapons
 a - a +0 hand axe (weapon)
Armour
 b - a +0 animal skin (worn)
 g - a +0 helmet
Scrolls
 c - a scroll of enchant weapon {unknown}
 i - a scroll of immolation {unknown}
 j - a scroll of summoning {unknown}
 k - 4 scrolls of identify {unknown}
 l - a scroll of noise {unknown}
 o - a scroll of vulnerability {unknown}
Potions
 d - 2 potions of might
 e - 2 potions of lignification {unknown}
 f - 3 potions of degeneration {unknown}
 h - 2 potions of curing {unknown}
 m - a potion of berserk rage {unknown}
 n - a potion of brilliance {unknown}


   Skills:
 * Level 5.2 Fighting
 * Level 4.5 Axes
 * Level 3.5 Dodging
 - Level 0.5 Stealth


You had 4 spell levels left.
You didn't know any spells.
Your spell library was empty.

Dungeon Overview and Level Annotations

Branches:
Dungeon (4/15)
 Temple: D:4-7

Altars:
Trog
Zin


Innate Abilities, Weirdness & Mutations

You are too large for most types of armour.
You have tough skin. (AC +1)


Message History

The adder barely misses you.
You closely miss the adder.
The adder is almost dead.
* * * LOW HITPOINT WARNING * * *
You feel sick. The adder closely misses you.
You miss the adder.
The adder is almost dead.
* * * LOW HITPOINT WARNING * * *
You feel sick. The adder bites you.
* * * LOW HITPOINT WARNING * * *
The adder barely misses you.
You closely miss the adder.
The adder is almost dead.
* * * LOW HITPOINT WARNING * * *
You feel sick. The adder bites you but does no damage.
You hit the adder.
You kill the adder!
Trog accepts your kill.
* * * LOW HITPOINT WARNING * * *
You feel sick.
* * * LOW HITPOINT WARNING * * *
You feel sick.
You see here an adder corpse.
* * * LOW HITPOINT WARNING * * *
You feel sick.
* * * LOW HITPOINT WARNING * * *
You feel sick.
There is a lethal amount of poison in your body!
There is a lethal amount of poison in your body!
There is a lethal amount of poison in your body!
There is a lethal amount of poison in your body!
There is a lethal amount of poison in your body!
Okay, then.
You are a level 5 Ogre Berserker.
You are 46% of the way to level 6.
Play time: 00:07:24 (4285 turns).
Zot will find you in 19680 turns if you stay in this branch and explore no new floors.
Unknown command.
It was a potion of might.
You feel very mighty all of a sudden.
You die...

..## #...#
+...+ #...#
#+#####...#
+.....#...#
#.....#...#
#@.†..'...+
#.....#...#
+.....#...#
###
#+#####...####
#.#
#..#...#..#
#.#
#..†...'..#
###.#
####...####
##...# ##[.##
##...>#
###..##


There were no monsters in sight!

Vanquished Creatures
  A hound (D:4)
  4 adders (D:4)
  4 worms (D:2)
  2 dart slugs
  An orc (D:4)
  12 endoplasms
  3 giant cockroaches
  6 goblins
  6 hobgoblins
  6 jackals
  4 kobolds
  3 quokkas
  9 ball pythons
  6 bats
  5 frilled lizards
  6 rats
78 creatures vanquished.

Notes
Turn   | Place    | Note
-------+----------+-------------------------------------------
     0 | D:1      | erik8world the Ogre Berserker began the quest for the Orb.
     0 | D:1      | Reached XP level 1. HP: 24/24 MP: 1/1
    82 | D:1      | Reached XP level 2. HP: 28/32 MP: 2/2
   413 | D:1      | Found a faded altar of an unknown god.
   461 | D:1      | Reached XP level 3. HP: 38/40 MP: 3/3
   728 | D:1      | Reached ** piety under Trog
  1976 | D:2      | Reached XP level 4. HP: 12/49 MP: 4/4
  3181 | D:3      | You fall into a shaft and drop 1 floor!
  3381 | D:4      | Reached skill level 5 in Fighting
  3381 | D:4      | Reached XP level 5. HP: 16/57 MP: 5/5
  3713 | D:4      | Found a bloodstained altar of Trog.
  4089 | D:4      | Found a glowing silver altar of Zin.
  4282 | D:4      | HP: 2/57 [poisoned by an adder]
  4285 | D:4      | Succumbed to an adder's poison

Illustrated notes

Levels and vault maps discovered:
D:1:      nicolae_arrival_washed_ashore, layout_loops_ring,
          nicolae_ecumenical_lake_church
D:2:      layout_loops_corners
D:3:      layout_loops_cross, fedhas_altar_fruit_tree
D:4:      layout_rooms, lemuel_tele_altar, amcnicky_altar_gilded,
          old_standard_altar, nicolae_ossuary_entry_monument,
          minmay_snake_closets

Skill      XL: |  1  2  3  4 |
---------------+-------------+-----
Dodging        | 3 |  3.5
Axes           | 4 |  4.5
Fighting       | 5 |  5.2
Stealth        | |  0.5

Action                   |  1- 3 |  4- 6 || total
-------------------------+-------+-------++-------
Melee: Hand axe          |   143 |   163 ||   306
       Punch             |       |     1 ||     1
  Use: Potion            |       |     1 ||     1
 Stab: Sleeping          |       |     1 ||     1
Armor: Animal skin       |    61 |    38 ||    99
Dodge: Dodged            |    98 |    64 ||   162

Table legend: (Time is in decaauts)
 A = Elapsed time spent in this place.
 B = Non-inter-level travel time spent in this place.
 C = Inter-level travel time spent in this place.
 D = Time resting spent in this place.
 E = Time spent auto-exploring this place.
 F = Levels seen in this place.
 G = Mean time per level.
                   A        B        C        D        E       F      G
               +--------+--------+--------+--------+--------+-----+--------+
         Total |   4319 |   4279 |     40 |     38 |   3245 |   4 | 1079.8 |
       Dungeon |   4319 |   4279 |     40 |     38 |   3245 |   4 | 1079.8 |
               +--------+--------+--------+--------+--------+-----+--------+

Top non-repeatable levels by time:
     D:2: 1776 daAuts
     D:1: 1129 daAuts
     D:4: 1112 daAuts
     D:3: 301 daAuts
